 Dungeon Crawl Stone Soup version 0.25-a0-341-g6f074c887a (webtiles) character file.

Game seed: 11221306299418269042, levelgen mode: classic

189784 Borgoz the Bludgeoner (level 18, -7/178 HPs)
             Began as a Gargoyle Fighter on Dec 30, 2019.
             Was the Champion of Ashenzari.
             Killed from afar by a swamp worm (12 damage)
             ... with a harpoon shot
             ... called by a spriggan druid
             ... on level 4 of the Swamp.
             The game lasted 01:14:05 (32306 turns).

Borgoz the Bludgeoner (Gargoyle Fighter)           Turns: 32306, Time: 01:14:06

Health: -7/178     AC: 32    Str: 34    XL:     18   Next: 59%
Magic:  0/23       EV: 18    Int: 13    God:    Ashenzari [******]
Gold:   652        SH:  0    Dex: 17    Spells: 17/17 levels left

rFire    . . .     SeeInvis +   a - +8 great mace (flame) (curse)
rCold    . . .     Gourm    .   (shield currently unavailable)
rNeg     + . .     Faith    .   N - +0 chain mail "Deffyjim" {Str+2 Dex+4 Stlth+}
rPois    ∞         Spirit   +   U - +2 helmet {Int+3}
rElec    +         Reflect  .   i - scarf {Spirit}
rCorr    +         Harm     .   v - +1 pair of gloves
MR       +....     Clarity  +   c - +1 pair of boots
Stlth    ..........             o - amulet of rage
HPRegen  0.39/turn              I - ring of resist corrosion
MPRegen  0.18/turn              l - +4 ring of strength

@: berserking (expiring), flying, studying Armour, very quick
A: big wings, deformed body, negative energy resistance 1, electricity
resistance, unbreathing, petrification resistance, rot immunity, AC +13
a: Stop Flying, Curse Item, Scrying, Transfer Knowledge, Renounce Religion,
Evoke Berserk Rage


You were on level 4 of the Swamp.
You worshipped Ashenzari.
Ashenzari was exalted by your worship.
You were not hungry.

You visited 5 branches of the dungeon, and saw 28 of its levels.
You also visited: Bailey, Gauntlet, Ice Cave and Volcano.

You collected 2678 gold pieces.
You spent 2026 gold pieces at shops.

Inventory:

Hand Weapons
 a - a cursed +8 great mace of flaming (weapon)
Missiles
 J - a throwing net (quivered)
Armour
 c - a +1 pair of boots (worn)
 i - a scarf of spirit shield (worn)
 v - a +1 pair of gloves (worn)
 N - the +0 chain mail "Deffyjim" (worn) {Str+2 Dex+4 Stlth+}
   (You found it on level 6 of the Lair of Beasts)

   It affects your strength (+2).
   It affects your dexterity (+4).
   It makes you more stealthy.
 U - a +2 helmet of intelligence (worn)
Jewellery
 l - a +4 ring of strength (right hand)
 m - an uncursed ring of protection from cold
 n - an uncursed ring of fire
 o - an amulet of rage (around neck)
 p - the ring "Namelop" {rC+ Int+2}
   (You found it on level 13 of the Dungeon)

   [ring of intelligence]

   It affects your intelligence (+2).
   It protects you from cold.
 t - a +5 ring of protection
 I - a ring of resist corrosion (left hand)
 L - an uncursed ring of protection from magic
Wands
 j - a wand of paralysis (6)
 B - a wand of digging (6)
 F - a wand of iceblast (36)
 O - a wand of acid (5)
 T - a wand of scattershot (6)
Scrolls
 b - 4 scrolls of identify
 e - 10 scrolls of teleportation
 q - a scroll of vulnerability {unknown}
 u - 4 scrolls of remove curse
 x - a scroll of enchant armour
 y - a scroll of amnesia
 D - a scroll of fog
 G - 12 scrolls of blinking
 M - 3 scrolls of fear
 Q - 2 scrolls of summoning
Potions
 d - 6 potions of might
 g - 2 potions of resistance
 h - 2 potions of haste
 k - 5 potions of curing
 r - a potion of heal wounds
 s - a potion of magic
 w - 5 potions of berserk rage
 z - 7 potions of agility
 C - a potion of lignification
 E - 2 potions of invisibility
 K - 3 potions of cancellation
Books
 H - a manual of Armour
Comestibles
 f - 45 rations


   Skills:
 + Level 15.1 Fighting
 + Level 18.2(23.1) Maces & Flails
 + Level 16.2 Armour
 + Level 12.1 Dodging
   Level 5.0 Shields
 - Level 7.0 Evocations


You had 17 spell levels left.
You didn't know any spells.
Your spell library contained the following spells:

 Spells                   Type           Power        Failure   Level  Hunger
 Beastly Appendage        Tmut           #.....       63%         1    ##.....
 Corona                   Hex            #......      63%         1    ##.....
 Foxfire                  Conj/Fire      #...         63%         1    ##.....
 Freeze                   Ice            #...         63%         1    ##.....
 Infusion                 Chrm           #...         63%         1    ##.....
 Magic Dart               Conj           #...         63%         1    ##.....
 Sandblast                Erth           #.....       63%         1    ##.....
 Shock                    Conj/Air       #...         63%         1    ##.....
 Summon Small Mammal      Summ           #...         63%         1    ##.....
 Call Imp                 Summ           #.......     77%         2    ###....
 Poisonous Vapours        Pois/Air       #.....       77%         2    ###....
 Searing Ray              Conj           #.....       77%         2    ###....
 Slow                     Hex            #.......     77%         2    ###....
 Sticks to Snakes         Tmut           #.......     77%         2    ###....
 Swiftness                Chrm/Air       #.......     77%         2    ###....
 Call Canine Familiar     Summ           #.......     94%         3    ####...
 Conjure Flame            Conj/Fire      #.......     94%         3    ####...
 Dazzling Flash           Conj/Hex       #.....       94%         3    ####...
 Gell's Gravitas          Tloc           #.........   94%         3    ####...
 Inner Flame              Hex/Fire       #.......     94%         3    ####...
 Mephitic Cloud           Conj/Pois/Air  #.......     94%         3    ####...
 Ozocubu's Armour         Chrm/Ice       #.......     94%         3    ####...
 Portal Projectile        Hex/Tloc       #.....       94%         3    ####...
 Regeneration             Chrm/Necr      #.........   94%         3    ####...
 Spider Form              Tmut/Pois      #.........   94%         3    ####...
 Static Discharge         Conj/Air       #.......     94%         3    ####...
 Summon Guardian Golem    Hex/Summ       #.......     94%         3    ####...
 Airstrike                Air            #.........   100%        4    #####..
 Cause Fear               Hex            #.........   100%        4    #####..
 Fulminant Prism          Conj/Hex       #.........   100%        4    #####..
 Hailstorm                Conj/Ice       #.......     100%        4    #####..
 Ice Form                 Ice/Tmut       #.......     100%        4    #####..
 Iskenderun's Mystic Bla  Conj/Tloc      #.......     100%        4    #####..
 Leda's Liquefaction      Hex/Erth       #.........   100%        4    #####..
 Sticky Flame             Conj/Fire      #.......     100%        4    #####..
 Summon Ice Beast         Ice/Summ       #.......     100%        4    #####..
 Summon Lightning Spire   Summ/Air       #.......     100%        4    #####..
 Blade Hands              Tmut           #.........   100%        5    ######.
 Bolt of Magma            Conj/Fire/Erth #.........   100%        5    ######.
 Excruciating Wounds      Chrm/Necr      #.........   100%        5    ######.
 Fireball                 Conj/Fire      #.........   100%        5    ######.
 Iskenderun's Battlesphe  Conj/Chrm      #.......     100%        5    ######.
 Lightning Bolt           Conj/Air       #.........   100%        5    ######.
 Metabolic Englaciation   Hex/Ice        #.........   100%        5    ######.
 Conjure Ball Lightning   Conj/Air       #.........   100%        6    #######
 Dispersal                Tloc           #.........   100%        6    #######
 Freezing Cloud           Conj/Ice/Air   #.........   100%        6    #######
 Iron Shot                Conj/Erth      #.........   100%        6    #######
 Ozocubu's Refrigeration  Ice            #.........   100%        6    #######
 Simulacrum               Ice/Necr       #.........   100%        6    #######
 Malign Gateway           Summ/Tloc      #.........   100%        7    #######
 Monstrous Menagerie      Summ           #.........   100%        7    #######
 Orb of Destruction       Conj           #.........   100%        7    #######
 Ring of Flames           Chrm/Fire      #.........   100%        7    #######
 Spellforged Servitor     Conj/Summ      #.........   100%        7    #######
 Summon Greater Demon     Summ           #.........   100%        7    #######
 Controlled Blink         Tloc           N/A          100%        8    #######
 Disjunction              Tloc           #.........   100%        8    #######
 Summon Horrible Things   Summ           #.........   100%        8    #######


Dungeon Overview and Level Annotations

Branches:
Dungeon (15/15)            Temple (1/1) D:5            Lair (6/6) D:8
  Swamp (4/4) Lair:4        Snake (0/4) Lair:3        Slime (0/5) Lair:6
    Orc (2/2) D:9             Elf (0/3) Orc:2        Vaults (0/5) D:14
 Depths (0/5) D:15         Bailey (visited)           IceCv (visited)
Volcano (visited)         Gauntlet (visited)

Altars:
Ashenzari
Cheibriados
Dithmenos
Elyvilon
Fedhas
Gozag
Hepliaklqana
Kikubaaqudgha
Makhleb
Nemelex Xobeh
Okawaru
Qazlal
Ru
Sif Muna
Trog
Uskayaw
Vehumet
Wu Jian
Xom
Yredelemnul
Zin
The Shining One
Beogh
Jiyva

Shops:
D:5 *   D:7 :   D:8 (   Orc:2 (==:

Annotations:
Swamp:1 2 transporters, Saephueh's ghost, adept FoFi


Innate Abilities, Weirdness & Mutations

You are resistant to torment.
Your stone body is resilient. (AC +13)
You are immune to poison.
Your large and strong wings let you fly indefinitely.
You resist negative energy. (rN+)
You are resistant to electric shocks. (rElec)
You can survive without breathing.
You are immune to petrification.
You are immune to rotting.
Armour fits poorly on your strangely shaped body.


Message History

You burn the thorn hunter!!!
You destroy the thorn hunter!
Unknown command.
You bludgeon the thorn hunter!! You burn the thorn hunter!
The thorn hunter is moderately damaged.
A four-headed hydra comes into view.
The swamp worm bites you but does no damage.
The thorn hunter fires a volley of thorns at you.
The volley of thorns misses you.
The volley of thorns hits the swamp dragon!!
The swamp dragon barely misses you. x2
The swamp dragon tramples you but does no damage.
The tyrant leech is engulfed in noxious fumes.
The tyrant leech appears confused.
You sock the thorn hunter! You burn the thorn hunter.
The thorn hunter is moderately damaged.
Unknown command.
The swamp worm throws harpoon shot at you.
The harpoon shot hits you!
You die...

♣♣..≈...♣♣♣≈♣≈.≈.♣♣♣...≈..≈..≈
♣....♣≈..♣≈≈≈.§≈...≈....^..♣..
♣≈≈.≈...♣♣...≈..≈.....≈...♣♣♣.
♣♣......♣≈..≈...≈♣≈≈≈.≈≈≈≈♣♣..
♣♣.♣.......≈§.....♣....≈.♣♣♣♣.
♣...≈.≈≈.≈..≈≈≈....≈......♣♣♣.
♣♣.≈.≈.....≈≈≈...≈.≈...≈......
♣♣♣≈..≈...≈.≈...≈≈≈≈....§≈...
♣♣.♣.♣.≈..≈@.D≈≈.≈..≈....... ♣
♣.≈..≈...≈..)k..≈...≈≈≈≈.... ♣♣♣
♣♣♣.≈≈.≈..§.f.w.≈.♣..≈≈.[....
≈.♣♣♣.♣♣≈♣≈≈.≈§≈w)fD≈≈.≈≈....♣.♣.
≈.....≈..≈}.≈≈.#♣##..♣#§.≈....≈♣♣
.≈[......≈....♣###°≈#♣##♣.....≈.♣
♣.♣≈♣♣§.......♣ #.k.≈#♣ ♣..≈≈..≈.
♣♣♣♣♣≈≈≈....♣###♣≈≈♣..#♣##≈.≈.≈..
♣♣≈♣≈..≈# #♣≈≈.°♣.≈#*♣#.♣≈≈..


You could see a thorn hunter, a shambling mangrove, a four-headed hydra, a swamp
dragon, a tyrant leech (confused), a swamp worm and a swamp drake.

Vanquished Creatures
  An acid blob (Lair:6)
  2 thorn hunters
  Donald (Lair:4)
  A fire giant (D:15)
  2 entropy weavers (Lair:6)
  2 vampire knights (Swamp:4)
  A minotaur (Gauntlet)
  Snorg (Orc:1)
  Harold (Lair:1)
  4 vault guards (D:14)
  10 hydras
  5 shambling mangroves
  An ice dragon (Lair:6)
  3 catoblepae (Lair:6)
  A ghost crab (Swamp:3)
  18 alligators
  A death knight (D:12)
  4 centaur warriors
  4 two-headed ogres
  9 death yaks
  A queen ant (Lair:6)
  Sonja (D:11)
  3 orc high priests (Orc:2)
  Urug (Lair:1)
  3 spriggans
  2 soul eaters (Gauntlet)
  Nergalle (Lair:1)
  10 skeletal warriors
  6 swamp dragons
  2 anaconda skeletons (Volcano)
  2 flayed ghosts (Swamp:4)
  2 spriggan druids (Swamp:4)
  5 spectral hydras (Swamp:4)
  An unseen horror (D:14)
  6 orc knights
  2 phantasmal warriors (Swamp:4)
  Pikel (D:9)
  2 necromancers
  5 orc sorcerers (Orc:2)
  3 deep elf magi
  An oklob plant (Lair:6)
  3 manticores
  6 elephants (Lair:5)
  9 ugly things
  A cyclops (D:14)
  2 centaur zombies
  An ice statue (IceCv)
  4 black mambas
  8 gargoyles
  11 spiny frogs
  2 kobold demonologists
  11 freezing wraiths
  2 rime drakes
  8 komodo dragons
  The ghost of Borgoz the Covered, a novice GrFi (D:7)
  2 efreet
  A tengu conjurer (D:13)
  3 meliai (D:13)
  2 death drake zombies (Swamp:4)
  4 polar bears (Lair:6)
  9 hornets
  7 tyrant leeches
  A wolf spider simulacrum (IceCv)
  11 trolls
  2 harpy skeletons (Volcano)
  7 blink frogs
  8 bog bodies
  16 slime creatures
  20 dream sheep
  14 hippogriffs
  A flying skull (Volcano)
  A shadow (Swamp:2)
  3 alligator skeletons (Volcano)
  4 wraiths
  4 wyverns
  A basilisk (Lair:5)
  52 yaks
  7 humans (D:14)
  13 vampire mosquitoes
  2 hungry ghosts
  Grum (D:9)
  20 soldier ants
  13 swamp worms
  Menkaure (D:5)
  4 water moccasins
  11 insubstantial wisps
  4 wargs
  3 nagas (Lair:3)
  5 hydra simulacra (Swamp:4)
  9 porcupines
  2 sky beasts
  A swamp dragon zombie (Swamp:4)
  9 ice beasts
  7 swamp drakes
  An alligator simulacrum (IceCv)
  An eye of draining (D:14)
  33 orc warriors
  2 black bears
  3 ogres
  4 slaves (D:9)
  5 phantoms
  2 necrophages
  14 wolves
  A swamp dragon skeleton (Swamp:4)
  14 centaurs
  3 crocodiles
  3 big kobolds
  17 bullfrogs
  A wyvern skeleton (D:15)
  5 scorpions
  A troll skeleton (Volcano)
  8 wights
  2 electric eels
  A howler monkey (D:13)
  2 bullfrog zombies
  2 draconian simulacra (IceCv)
  14 crimson imps
  2 quasits (D:8)
  9 hounds
  3 jellies
  17 orc priests
  3 bullfrog skeletons
  23 orc wizards
  7 centaur skeletons
  A gnoll shaman (D:10)
  Jessica (D:2)
  Natasha (thrice) (D:2)
  3 iguanas
  5 troll simulacra (IceCv)
  35 worker ants
  2 spriggan simulacra (IceCv)
  2 wolf simulacra (IceCv)
  A killer bee zombie (D:7)
  4 centaur simulacra (IceCv)
  3 naga skeletons (Volcano)
  Robin (D:2)
  15 adders
  10 gnolls
  4 naga simulacra (IceCv)
  3 ogre simulacra (IceCv)
  10 shadow imps
  12 white imps (IceCv)
  An ooze (D:4)
  2 adder zombies (D:5)
  An adder skeleton (D:5)
  2 worms
  2 dart slugs
  2 leopard geckos
  97 orcs
  A ball python (D:5)
  8 giant cockroaches
  16 goblins
  9 hobgoblins
  9 jackals
  8 quokkas
  2 bats
  7 frilled lizards
  A jackal skeleton (D:9)
  A jackal zombie (D:8)
  13 kobolds
  7 rats
  A briar patch (Swamp:4)
994 creatures vanquished.

Vanquished Creatures (others)
  An unseen horror (D:15)
  2 flying skulls (Volcano)
  A human (D:14)
  An orc (Orc:2)
  A fungus (Lair:5)
  14 plants
20 creatures vanquished.

Grand Total: 1014 creatures vanquished

Notes
Turn   | Place    | Note
-------+----------+-------------------------------------------
     0 | D:1      | Borgoz the Gargoyle Fighter began the quest for the Orb.
     0 | D:1      | Reached XP level 1. HP: 14/14 MP: 1/1
   155 | D:1      | Reached XP level 2. HP: 16/19 MP: 2/2
   495 | D:1      | Reached XP level 3. HP: 23/23 MP: 3/3
  1041 | D:2      | Noticed Natasha
  1053 | D:2      | Killed Natasha
  1053 | D:2      | Reached skill level 3 in Maces & Flails
  1053 | D:2      | Reached XP level 4. HP: 21/29 MP: 4/4
  1198 | D:2      | Noticed Jessica
  1201 | D:2      | Killed Jessica
  1228 | D:2      | Reached XP level 5. HP: 33/33 MP: 5/5
  1262 | D:2      | Found a shattered altar of Ashenzari.
  1275 | D:2      | Became a worshipper of Ashenzari the Shackled
  1371 | D:2      | Noticed Natasha
  1377 | D:2      | Killed Natasha
  1377 | D:2      | Reached skill level 1 in Evocations
  1446 | D:2      | Found a sacrificial altar of Ru.
  1886 | D:3      | Noticed Robin
  2009 | D:2      | Killed Robin
  2029 | D:2      | Noticed Natasha
  2039 | D:2      | Killed Natasha
  2536 | D:4      | Found a radiant altar of Vehumet.
  2547 | D:4      | Reached skill level 4 in Maces & Flails
  2547 | D:4      | Reached XP level 6. HP: 37/38 MP: 5/7
  2788 | D:4      | Found a hazy altar of Hepliaklqana.
  3000 | D:4      | Found a shadowy altar of Dithmenos.
  3073 | D:4      | Found a sparkling altar of Nemelex Xobeh.
  3073 | D:4      | Found an opulent altar of Gozag.
  3242 | D:5      | Entered Level 5 of the Dungeon
  3267 | D:5      | Reached * piety under Ashenzari
  3345 | D:5      | Found a transporter.
  3369 | D:5      | Reached XP level 7. HP: 31/44 MP: 8/8
  3469 | D:5      | Found a staircase to the Ecumenical Temple.
  3485 | Temple   | Entered the Ecumenical Temple
  3564 | D:5      | Found Yduton's Lightly-Used Armoury.
  3768 | D:5      | Found a basalt altar of Yredelemnul.
  3773 | D:5      | Noticed Menkaure
  3781 | D:5      | Found an ancient bone altar of Kikubaaqudgha.
  3788 | D:5      | Found a transporter.
  3862 | D:5      | Reached skill level 5 in Maces & Flails
  3862 | D:5      | Reached skill level 5 in Shields
  4019 | D:6      | Reached skill level 5 in Armour
  4034 | D:6      | Reached skill level 5 in Fighting
  4039 | D:6      | Reached XP level 8. HP: 33/49 MP: 8/10
  4343 | D:6      | Reached skill level 6 in Maces & Flails
  4850 | D:7      | Found a glowing golden altar of the Shining One.
  4934 | D:7      | Noticed a hornet
  4970 | D:7      | Killed a hornet
  4970 | D:7      | Reached skill level 7 in Maces & Flails
  4970 | D:7      | Reached XP level 9. HP: 40/55 MP: 11/11
  5549 | D:7      | Found Pomuim's Book Emporium.
  5561 | D:7      | Reached skill level 8 in Maces & Flails
  5673 | D:7      | Found a runed translucent door.
  5674 | D:7      | Noticed Borgoz's ghost (novice GrFi)
  5882 | D:8      | Found Sulegaeg's Antique Weapon Shoppe.
  5882 | D:8      | Noticed a troll
  5893 | D:8      | Killed a troll
  5982 | D:8      | Found a staircase to the Lair.
  6088 | D:8      | Noticed a troll
  6103 | D:8      | Killed a troll
  6412 | D:8      | Reached skill level 5 in Evocations
  6412 | D:8      | Reached XP level 10. HP: 45/63 MP: 13/13
  6749 | D:8      | Reached skill level 9 in Maces & Flails
  7004 | D:9      | Noticed Grum
  7058 | D:9      | Killed Grum
  7546 | D:9      | Found a staircase to the Orcish Mines.
  7737 | D:9      | Reached ** piety under Ashenzari
  7922 | D:9      | Noticed Pikel
  7970 | D:9      | Killed Pikel
  8098 | D:10     | Entered Level 10 of the Dungeon
  8104 | D:10     | Reached skill level 10 in Maces & Flails
  8298 | D:10     | Identified the +0 ring mail of Qekum {Int+8}
  8443 | D:10     | Found a stormy altar of Qazlal.
  8753 | D:10     | Reached skill level 1 in Dodging
  8753 | D:10     | Reached XP level 11. HP: 48/69 MP: 15/15
  9046 | D:11     | Found a shimmering altar of Xom.
  9141 | D:11     | Noticed a manticore
  9154 | D:11     | Killed a manticore
  9800 | D:11     | Noticed Sonja
  9830 | D:11     | Killed Sonja
 10073 | D:11     | Reached skill level 11 in Maces & Flails
 10437 | D:12     | Noticed a deep elf mage
 10455 | D:12     | Killed a deep elf mage
 10565 | D:12     | Noticed a two-headed ogre
 10573 | D:12     | Killed a two-headed ogre
 10758 | D:12     | Noticed a death knight
 10790 | D:12     | Killed a death knight
 11619 | D:5      | Killed Menkaure
 11628 | D:5      | Got the short sword of the Butterfly {flame, rPois SInv}
 11856 | D:7      | Killed Borgoz's ghost
 11856 | D:7      | Reached XP level 12. HP: 66/76 MP: 17/17
 11930 | Lair:1   | Entered Level 1 of the Lair of Beasts
 11964 | Lair:1   | Noticed Urug
 11988 | Lair:1   | Killed Urug
 12169 | Lair:1   | Noticed Nergalle
 12187 | Lair:1   | Killed Nergalle
 12272 | Lair:1   | Reached skill level 12 in Maces & Flails
 12291 | Lair:1   | Reached *** piety under Ashenzari
 12352 | Lair:1   | Reached skill level 10 in Armour
 12357 | Lair:1   | Noticed Harold
 12392 | Lair:1   | Reached skill level 10 in Fighting
 12427 | Lair:1   | Killed Harold
 13849 | Lair:2   | Noticed a four-headed hydra
 13850 | Lair:2   | Killed a four-headed hydra
 14179 | Lair:3   | Found a dark tunnel.
 14187 | Volcano  | Entered a volcano
 14298 | Volcano  | Reached skill level 13 in Maces & Flails
 14298 | Volcano  | Reached skill level 5 in Dodging
 14307 | Volcano  | Reached XP level 13. HP: 37/83 MP: 18/18
 14952 | Lair:3   | Reached **** piety under Ashenzari
 15697 | Lair:3   | Found a staircase to the Snake Pit.
 16153 | Lair:4   | Found a gate leading to a gauntlet.
 16207 | Gauntlet | Entered a Gauntlet
 16207 | Gauntlet | Found a transporter.
 16207 | Gauntlet | Found a transporter.
 16207 | Gauntlet | Found a transporter.
 16217 | Gauntlet | Found a transporter.
 16220 | Gauntlet | Found a transporter.
 16229 | Gauntlet | Found a transporter.
 16231 | Gauntlet | Found a transporter.
 16242 | Gauntlet | Found a transporter.
 16258 | Gauntlet | Found a transporter.
 16264 | Gauntlet | Found a transporter.
 16266 | Gauntlet | Found a transporter.
 16268 | Gauntlet | Found a runed translucent gate.
 16268 | Gauntlet | Found a runed translucent gate.
 16269 | Gauntlet | Found a large runed translucent door.
 16269 | Gauntlet | Found a large runed translucent door.
 16270 | Gauntlet | Found a large runed translucent door.
 16271 | Gauntlet | Found a large runed translucent door.
 16272 | Gauntlet | Found a large runed translucent door.
 16272 | Gauntlet | Found a large runed translucent door.
 16272 | Gauntlet | Found a runed translucent door.
 16273 | Gauntlet | Found a large runed translucent door.
 16274 | Gauntlet | Found a large runed translucent door.
 16276 | Gauntlet | Found a transporter.
 16277 | Gauntlet | Found a runed translucent gate.
 16277 | Gauntlet | Found a runed translucent door.
 16315 | Gauntlet | Found a large runed translucent door.
 16315 | Gauntlet | Found a large runed translucent door.
 16316 | Gauntlet | Found a large runed translucent door.
 16317 | Gauntlet | Found a large runed translucent door.
 16318 | Gauntlet | Found a large runed translucent door.
 16318 | Gauntlet | Found a large runed translucent door.
 16319 | Gauntlet | Found a large runed translucent door.
 16320 | Gauntlet | Found a large runed translucent door.
 16703 | Gauntlet | Identified the +5 war axe of Hiotauneej {holy, rC++ Str-3}
 16703 | Gauntlet | Noticed a minotaur
 16720 | Gauntlet | Killed a minotaur
 16720 | Gauntlet | Reached skill level 14 in Maces & Flails
 16735 | Gauntlet | Identified the Grimoire of Good Luck and Transmutation
 16740 | Gauntlet | Identified the Grimoire of Dusty Weightlessness
 16741 | Gauntlet | Identified the cursed +0 robe of Dishonesty {rPois}
 16952 | Lair:1   | Identified the +6 short sword of the Butterfly {flame,
                  | rPois SInv} (You found it on level 5 of the Dungeon)
 17360 | Lair:4   | Reached ***** piety under Ashenzari
 17571 | Lair:4   | Found a staircase to the Swamp.
 17921 | Lair:5   | Gained mutation: Your large and strong wings let you fly
                  | indefinitely. [Gargoyle growth]
 17921 | Lair:5   | Reached XP level 14. HP: 61/91 MP: 12/19
 18915 | Lair:6   | Entered Level 6 of the Lair of Beasts
 18987 | Lair:6   | Noticed an entropy weaver
 19046 | Lair:6   | Killed an entropy weaver
 19088 | Lair:6   | Reached skill level 15 in Maces & Flails
 19103 | Lair:6   | Noticed an entropy weaver
 19215 | Lair:6   | Found a shimmering altar of Xom.
 19242 | Lair:6   | Found a runed translucent door.
 19243 | Lair:6   | Found a viscous altar of Jiyva.
 19243 | Lair:6   | Noticed an acid blob
 19247 | Lair:6   | Found a staircase to the Slime Pits.
 19324 | Lair:6   | Found a frozen archway.
 19404 | IceCv    | Entered an ice cave
 20413 | IceCv    | Found an ancient bone altar of Kikubaaqudgha.
 21223 | Lair:6   | Reached XP level 15. HP: 97/97 MP: 15/20
 21452 | Lair:6   | Identified the cursed +0 chain mail "Deffyjim" {Str+2 Dex+4
                  | Stlth+}
 21453 | Lair:6   | Identified the cursed +1 ring mail "Vumueklu" {rElec rC-
                  | Dex+3}
 22140 | Lair:6   | Got the uncursed pair of boots "Qaonlalo" {rC+ rCorr
                  | Slay-6}
 22356 | Lair:6   | Killed an acid blob
 22705 | D:13     | Reached skill level 16 in Maces & Flails
 22813 | D:13     | Identified the ring "Namelop" {rC+ Int+2}
 24553 | D:14     | Found a gate to the Vaults.
 24747 | D:15     | Entered Level 15 of the Dungeon
 24944 | D:15     | Reached XP level 16. HP: 80/104 MP: 19/21
 24989 | D:15     | Found a staircase to the Depths.
 25495 | D:15     | Reached skill level 10 in Dodging
 25854 | Orc:1    | Entered Level 1 of the Orcish Mines
 25918 | Orc:1    | Found a flagged portal.
 25929 | Orc:1    | Found a runed translucent door.
 25931 | Bailey   | Entered a bailey
 26064 | Bailey   | Reached ****** piety under Ashenzari
 26302 | Bailey   | Reached skill level 17 in Maces & Flails
 26552 | Orc:1    | Noticed Snorg
 26561 | Orc:1    | Killed Snorg
 26873 | Orc:1    | Found a roughly hewn altar of Beogh.
 26914 | Orc:2    | Entered Level 2 of the Orcish Mines
 26977 | Orc:2    | Found a staircase to the Elven Halls.
 28204 | Orc:2    | Found Lyufaloh's Book Shoppe.
 28204 | Orc:2    | Found Ylaqeuj's Weapon Shop.
 28208 | Orc:2    | Found Hegenn's Jewellery Shop.
 28208 | Orc:2    | Found Jausa's Jewellery Shoppe.
 28226 | Orc:2    | Bought a manual of Armour for 1766 gold pieces
 28230 | Orc:2    | Bought an uncursed ring of resist corrosion for 260 gold
                  | pieces
 28284 | Orc:2    | Gained mutation: Armour fits poorly on your strangely
                  | shaped body. [a neqoxec]
 28311 | Orc:2    | Reached XP level 17. HP: 111/111 MP: 22/22
 28990 | Swamp:1  | Entered Level 1 of the Swamp
 29030 | Swamp:1  | Noticed Donald
 29054 | Lair:4   | Killed Donald
 29311 | Swamp:1  | Found the +2 hat of the Bear Spirit {Spirit, +Rage rN+
                  | MR++}
 29417 | Swamp:1  | Noticed Saephueh's ghost (adept FoFi)
 29495 | Swamp:1  | Found a transporter.
 29499 | Swamp:1  | Found a transporter.
 29856 | Swamp:2  | Found an ancient bone altar of Kikubaaqudgha.
 29976 | Swamp:2  | Reached skill level 15 in Armour
 30364 | Swamp:2  | Reached XP level 18. HP: 109/117 MP: 20/23
 31183 | Swamp:3  | Reached skill level 18 in Maces & Flails
 31508 | Swamp:4  | Entered Level 4 of the Swamp
 31928 | Swamp:4  | Reached skill level 15 in Fighting
 32274 | Swamp:4  | Found a blossoming altar of Fedhas.
 32302 | Swamp:4  | HP: 5/178 [thorn hunter/volley of thorns (39)]
 32306 | Swamp:4  | Killed from afar by a swamp worm

Levels and vault maps discovered:
D:1:      minmay_arrival_hallway, layout_loops_ring, minmay_worlds_worst_comb
D:2:      layout_basic, lemuel_round_altar, first_ration,
          nicolae_ru_awakened_eye, uniq_jessica, uniq_natasha
D:3:      layout_basic, uniq_robin
D:4:      layout_loops_ring, grunt_temple_overflow_opulence, vehumet_crystals,
          grunt_dithmenos_smoke_and_mirrors, nicolae_overflow_hidden_temple
D:5:      layout_cave_pools, gammafunk_temple_of_torment,
          minmay_temple_entry_junction, minmay_shop_damaged
D:6:      layout_rooms
D:7:      layout_basic, tso_metal_star, serial_shops, shop,
          ebering_ghost_reflecting_pool
D:8:      layout_basic, lair_entry_dummy, serial_shops, shop
D:9:      layout_roguey, orc_0_dummy, blue_anna_alchemist
          [blue_anna_fruit_fields, blue_anna_fruit_fields], uniq_pikel,
          uniq_grum
D:10:     layout_loops_ring, grunt_qazlal_sundering
D:11:     layout_loops_ring, basic_altar, hex_large, uniq_sonja
D:12:     layout_loops_corners
D:13:     layout_gridville, chequers_serial_rivers_micro_c
D:14:     layout_loops_ring, ximxim_vaults_locker_room, kennysheep_nondescript
D:15:     grunt_enter_depths_giant_problem, layout_rooms, minivault_11
Temple:   cyrus_circular_temple
Lair:1:   layout_regular_city, lemuel_fruit_tree, grunt_megastairs_1,
          uniq_nergalle, uniq_harold, uniq_urug
Lair:2:   layout_cave_pods
Lair:3:   beast_lair_carwin_large_2, layout_chaotic_city,
          guppyfry_snake_entry_island, lightli_volcano_entry_magma_tube
Lair:4:   layout_long_grid, nicolae_swamp_entry_splash_gauntlet,
          gauntlet_entry_generic, serial_bayou_shore_a
Lair:5:   layout_hall_layers, chequers_serial_rivers_micro_a,
          lemuel_fruit_fields
Lair:6:   evilmike_catoblepas_cave, layout_big_grid, slime_altar_2, basic_altar,
          portal_ice_cave_entry_animals_and_master, serial_bayou_ford_a,
          minmay_lair_oklob_bushes, chequers_serial_rivers_large_b,
          serial_bayou_pond_a, zaba_anthell
Swamp:1:  layout_basic_swamp, gammafunk_ghost_arena, serial_swamp_ruin,
          hangedman_swamp_ruin_hall, evilmike_swamp_ruin_house_5,
          evilmike_swamp_ruin_rubble_1, swamp_pool1, uniq_donald
Swamp:2:  layout_basic_swamp, nicolae_swamp_godswood
Swamp:3:  layout_falls_marsh, evilmike_swamp_ruin_house_1, swamp_pool5
Swamp:4:  byrel_swamp_growth_death_and_undeath, layout_basic_swamp
Orc:1:    layout_caves, enter_bailey_5, lightli_church_of_beogh, uniq_snorg
Orc:2:    grunt_orc_tribal_feast, layout_caves

Skill      XL: |  1  2  3  4  5  6  7  8  9 10 11 12 13 14 15 16 17 18 |
---------------+-------------------------------------------------------+-----
Maces & Flails | 3 4 5 7 8 10 11 13 14 15 16 17 18 | 18.2
Fighting       | 4 5 6 7 8 9 10 11 12 13 14 15 | 15.1
Armour         | 4 5 6 7 8 9 10 11 12 13 14 15 16 | 16.2
Shields        | 4 5 |  5.0
Evocations     | 1 2 3 5 6 7 |  7.0
Dodging        | 1 3 5 6 7 9 10 11 12 | 12.1

Action                   |  1- 3 |  4- 6 |  7- 9 | 10-12 | 13-15 | 16-18 || total
-------------------------+-------+-------+-------+-------+-------+-------++-------
Melee: Flail             |   109 |   190 |       |       |       |       ||   299
       Mace              |       |    57 |   529 |  1260 |   160 |       ||  2006
       Dire flail        |       |       |       |       |  1506 |   522 ||  2028
       Great mace        |       |       |       |       |       |   482 ||   482
Throw: Throwing net      |       |       |       |       |     1 |     1 ||     2
Invok: Curse Item        |       |       |       |       |     4 |     1 ||     5
 Abil: Evoke Berserk Rag |       |       |     1 |     9 |    12 |     4 ||    26
       Fly               |       |       |       |       |     1 |       ||     1
Evoke: Wand              |       |       |       |     5 |    11 |     1 ||    17
  Use: Scroll            |       |     5 |     7 |     4 |    14 |    10 ||    40
       Potion            |       |       |     2 |     4 |    13 |     2 ||    21
 Stab: Invisible         |       |       |       |       |     5 |       ||     5
       Paralysed         |       |       |       |       |     2 |       ||     2
       Held in net/web   |       |       |       |       |     1 |     2 ||     3
       Petrified         |       |       |       |       |     3 |       ||     3
       Confused          |       |       |       |       |       |     4 ||     4
  Eat: Chunk             |     1 |     8 |    11 |    34 |    24 |    23 ||   101
       Ration            |       |       |       |     1 |     6 |     2 ||     9
Armor: Scale mail        |    52 |   147 |   136 |   551 |   668 |       ||  1554
       Plate armour      |       |       |   298 |   198 |       |       ||   496
       Skin              |       |       |       |       |    26 |       ||    26
       Chain mail        |       |       |       |       |   193 |   612 ||   805
Dodge: Dodged            |    31 |    96 |   153 |   494 |   830 |   762 ||  2366
Block: Shield            |    49 |   154 |   349 |   193 |       |       ||   745
       Buckler           |       |       |       |   179 |    39 |       ||   218

Table legend:
 A = Non-vault XP
 B = Vault XP
 C = Vault XP percentage of total XP
 D = Non-vault monster count
 E = Vault monster count
 F = Vault count percentage of total count
                 A         B        C        D         E       F
            +---------+---------+-------+---------+---------+-------
      Total |  133329 |   95412 |  41.7 |     639 |     352 |  35.5
            +---------+---------+-------+---------+---------+-------
        D:1 |      26 |       8 |  23.5 |      18 |       4 |  18.2
        D:2 |     153 |     107 |  41.2 |      20 |      13 |  39.4
        D:3 |      14 |       0 |   0.0 |       8 |       0 |   0.0
        D:4 |     254 |       0 |   0.0 |      21 |       0 |   0.0
        D:5 |     636 |     213 |  25.1 |      17 |       3 |  15.0
        D:6 |     779 |       0 |   0.0 |      22 |       0 |   0.0
        D:7 |    1706 |     355 |  17.2 |      23 |       1 |   4.2
        D:8 |    1422 |       0 |   0.0 |      33 |       0 |   0.0
        D:9 |    1441 |    1356 |  48.5 |      30 |       7 |  18.9
       D:10 |    2209 |       0 |   0.0 |      26 |       0 |   0.0
       D:11 |    2653 |     827 |  23.8 |      35 |       1 |   2.8
       D:12 |    4220 |       0 |   0.0 |      20 |       0 |   0.0
       D:13 |    6496 |       0 |   0.0 |      31 |       0 |   0.0
       D:14 |   14612 |    5269 |  26.5 |      49 |      11 |  18.3
       D:15 |   17541 |    1719 |   8.9 |      38 |       1 |   2.6
     Lair:1 |    2918 |    3783 |  56.5 |      13 |       9 |  40.9
     Lair:2 |    3918 |       0 |   0.0 |      14 |       0 |   0.0
     Lair:3 |    3183 |    1090 |  25.5 |      12 |       9 |  42.9
     Lair:4 |    1573 |    2733 |  63.5 |       8 |       4 |  33.3
     Lair:5 |   13065 |      33 |   0.3 |      42 |       1 |   2.3
     Lair:6 |    5413 |   24118 |  81.7 |      16 |      79 |  83.2
    Swamp:1 |   13261 |       0 |   0.0 |      34 |       0 |   0.0
    Swamp:2 |   14936 |       0 |   0.0 |      31 |       0 |   0.0
    Swamp:3 |   11345 |     391 |   3.3 |      31 |       3 |   8.8
    Swamp:4 |    5148 |   21811 |  80.9 |      14 |      31 |  68.9
      Orc:1 |    2793 |    1740 |  38.4 |      22 |      19 |  46.3
      Orc:2 |    1614 |    7602 |  82.5 |      11 |      27 |  71.1
     Bailey |       0 |    2285 | 100.0 |       0 |      39 | 100.0
      IceCv |       0 |    6472 | 100.0 |       0 |      54 | 100.0
    Volcano |       0 |    6518 | 100.0 |       0 |      20 | 100.0
   Gauntlet |       0 |    6982 | 100.0 |       0 |      16 | 100.0
            +---------+---------+-------+---------+---------+-------
